AoeStats
← Malelf

Arabia

508260543Analyzed
1v1 RM · 10d ago on Sep 21, 2026· 20m 32s· 2 players
Game mode
Random Map
Map size
Tiny (2 player)
Population
200
Speed
Normal
Resources
Standard
Victory
Conquest
Starting age
Dark Age
Ending age
Imperial Age
RankedLock teamsTeams togetherTeam positionsShared explorationLock speedFull tech treeHidden civsTurbo modeCheats
Victory
Defeat
🇮🇹 Mongols · Italy
1710
+13
🇿🇦 Persians · South Africa
1640
-13
Karoliusw06
5:20 Loom
8:00 Feudal Age
17:00 Horse Collar
17:38 Gold Mining
20:52 Castle Age
19:27 Bloodlines
19:42 Fletching
Malelf
8:02 Loom
10:52 Feudal Age
11:24 Double-Bit Axe
11:23 Horse Collar
20:16 Castle Age
18:32 Fletching
19:04 Gold Mining
19:19 Padded Archer Armor
21:15 Wheelbarrow
20:19 Crossbowman
Connection lost

Rejoining the realm…

Still unreachable

The connection could not be restored.

Session expired

The server has moved on; the page needs a fresh start.